[Event "Sheffield Masters 2024"]
[Site "Sheffield"]
[Date "2024.04.10"]
[Round "1"]
[White "O`Gorman, Tom"]
[Black "Chow, Samuel"]
[Result "1/2-1/2"]
[ECO "C11"]
[WhiteElo "2321"]
[BlackElo "2350"]
[Annotator "TA"]
[PlyCount "297"]
[EventDate "2024.04.11"]
[EventType "tourn"]
[EventCountry "ENG"]
[SourceTitle "playchess.com"]
[Source "ChessBase"]
[SourceQuality "1"]
[TimeControl "5400+30"]

1. e4 e6 2. d4 d5 3. Nc3 Nf6 4. e5 Nfd7 5. f4 c5 6. Nf3 Nc6 7. Be3 a6 8. Qd2 b5 9. Bd3 Qa5 10. O-O b4 11. Nd1 cxd4 12. Nxd4 Nxd4 13. Bxd4 Bc5 14. Bxc5 Qxc5+ 15. Kh1 O-O 16. a3 bxa3 17. Rxa3 f6 18. exf6 Nxf6 19. Ne3 Bb7 20. Qe2 Qd6 21. Ng4 Nxg4 22. Qxg4 Rf6 23. Qh5 h6 24. Qe5 Qxe5 25. fxe5 Rxf1+ 26. Bxf1 $11 {[%emt 0:00:04][%mdl 4096] Endgame. KRB-KRB} d4 27. Bd3 Rc8 28. Ra4 (28. Bxa6 $2 Rxc2 29. h3 Bxg2+ 30. Kg1 Rxb2 $19) 28... Rc5 29. Rxd4 (29. Bxa6 $2 Bxa6 (29... Rxc2 30. h4 $17) 30. Rxd4 Rxc2 $19) 29... Rxe5 30. Kg1 Rd5 31. Rb4 Rd7 32. Rb6 Kf7 33. b4 {[%emt 0:02:27][%cal Og1f2] White is more active.} (33. Bxa6 Bxa6 34. Rxa6 Rd1+ 35. Kf2 Rd2+ 36. Kf3 Rxc2 $11) 33... Kf6 34. Kf2 (34. Bxa6 Bxa6 35. Rxa6 Rd1+ 36. Kf2 Rd2+ 37. Kf3 Rxc2 $11) 34... Ke5 35. Ke3 (35. Bxa6 Bxa6 36. Rxa6 Rd2+ 37. Kf3 Rxc2 $11) 35... Bxg2 36. Rxa6 Rf7 37. Ra5+ Kd6 38. c4 Rf3+ 39. Kd2 {[%emt 0:00:41] Black should prevent c5+.} Rh3 $1 40. Ra7 g5 41. c5+ Ke5 42. Be2 {[%emt 0:00:38] Prevents g4.} Rxh2 43. Ke3 {[%emt 0:00:08] Prevents Bf3. b5 would now be deadly.} Rh3+ 44. Kf2 Bd5 {[%emt 0:00:37] Threatens to win with ...h5.} 45. b5 Rc3 46. c6 {[%emt 0:00:26] Hoping for c7.} Rc2 (46... Kd6 $11 {keeps the balance.}) 47. c7 $16 {[%emt 0:00:37][%mdl 1024] aiming for Ke3. White has strong compensation.} Kd6 48. b6 e5 49. Ke3 Be6 {[%emt 0:00:05] Wards off Bg4} 50. Ra8 Rc3+ $1 51. Kd2 {[%emt 0:00:10][%cal Ob6b7] White wants to mate with b7!} Rb3 52. Rd8+ Kc6 53. c8=Q+ Bxc8 54. Rxc8+ $14 {[%emt 0:00:04] KRB-KR} Kb7 55. Re8 Rxb6 56. Rxe5 Rf6 57. Ke3 Kc7 58. Kd4 Kd6 59. Rd5+ Ke7 60. Ra5 Kd6 61. Bh5 Rf4+ 62. Ke3 Rf6 63. Bg4 Rf4 64. Be2 Rf6 65. Bd3 Ke7 66. Bf5 {[%emt 0:00:12] Against Re6+} Rb6 67. Kf3 Kf6 68. Bc2 Rc6 69. Bd3 Rd6 70. Be4 Rb6 71. Rd5 Rb3+ 72. Bd3 Rb6 73. Rf5+ Kg7 74. Rc5 Kf6 75. Kg4 Rb4+ 76. Bc4 Rb2 77. Rc6+ Kg7 78. Bd3 Rb3 79. Rg6+ ({Better is} 79. Be4 $16) 79... Kf7 $11 80. Rd6 Ke7 81. Rd4 Rb6 82. Kh5 Kf6 {[%emt 0:01:11] Wards off Bg6} 83. Bg6 (83. Kxh6 Ke5+ 84. Kxg5 Rg6+ 85. Bxg6 Kxd4 $11) 83... Rb2 {[%emt 0:01:47] ( -> ...Rh2+)} 84. Kxh6 Rg2 85. Ra4 Rg1 86. Be4 Rg4 87. Ra6+ Ke5 88. Bb7 Rg1 89. Kh5 Kf5 90. Bc8+ Kf4 {[%emt 0:00:20] [#]} 91. Ra4+ $1 Ke5 92. Bg4 Rg2 93. Ra8 Kf4 94. Rf8+ Ke5 95. Kxg5 Rg1 96. Re8+ Kd6 97. Kf4 Rf1+ 98. Bf3 Kc5 99. Rd8 Kc4 100. Ke3 {[%emt 0:01:37] Intending Be2+ and mate.} Re1+ 101. Kd2 Rg1 102. Be4 Rg3 103. Bd3+ Kc5 104. Kc3 Rh3 105. Rg8 Rh5 106. Ra8 {[%emt 0:00:12] Ra5+ would kill now.} Rh3 107. Ra5+ Kb6 108. Re5 Kc6 109. Kd4 Kd6 110. Ra5 Ke7 111. Be4 Rh2 112. Ke5 Re2 113. Ra7+ Ke8 114. Kd5 Kf8 115. Bf5 Re7 116. Ra1 Re2 117. Be4 Ke7 118. Ke5 Ke8 119. Ra6 Re1 120. Ra7 (120. Re6+ Kd8 121. Kd6 Re2 $16) 120... Re2 121. Kf5 Kd8 122. Bd5 Re7 123. Ra4 ({White should try} 123. Bb7 $14) 123... Re1 124. Be6 Ke7 125. Ra7+ Kd6 126. Bc4 Rc1 127. Bd3 Rc5+ 128. Kf4 Rc1 129. Ke4 Re1+ 130. Kd4 Ke6 131. Ra6+ Ke7 132. Bc4 Rd1+ 133. Kc5 Rc1 134. Re6+ Kd7 135. Rf6 Ke7 136. Rf7+ Ke8 137. Ra7 Kf8 138. Rc7 (138. Kd6 $5) 138... Rb1 ({Avoid the trap} 138... Ke8 $2 139. Kd6 Kf8 140. Rf7+ Kg8 (140... Ke8 141. Rf4 Rd1+ 142. Bd5 Rd2 143. Rb4 Kf8 144. Rg4 Rxd5+ 145. Kxd5) 141. Be6 $18) 139. Kd6 Rb6+ 140. Ke5 Rg6 141. Rf7+ Kg8 142. Bd5 Rg7 143. Rf1+ Kh7 144. Bf7 Rg2 145. Kf6 {[%emt 0:00:09] White threatens Rh1+ and mate.} Rg7 $2 {[%mdl 8192] [#]} (145... Rg1 $11) 146. Ke5 $2 (146. Rh1# {mates}) 146... Kh6 {The position is equal.} 147. Kf6 Rg6+ 148. Ke5 Rg7 149. Kf6 {Weighted Error Value: White=0.06 (flawless) /Black=0.07 (flawless) .  Loses game:     	---       	Black=1      Missed win:     	White=1     	---        Mistake:       	White=2     	Black=1      Inaccurate:     	White=5     	Black=7      OK:         	White=56    	Black=42     Best:        	White=6     	Black=18     Strong:       	White=1     	Black=2} 1/2-1/2

[Event "Sheffield Masters 2024"]
[Site "Sheffield"]
[Date "2024.04.10"]
[Round "1"]
[White "Kanyamarala, Trisha"]
[Black "Pal, Rohan"]
[Result "1-0"]
[ECO "D37"]
[WhiteElo "2285"]
[BlackElo "2142"]
[Annotator "TA"]
[PlyCount "69"]
[EventDate "2024.04.11"]
[EventType "tourn"]
[EventCountry "ENG"]
[SourceTitle "playchess.com"]
[Source "ChessBase"]
[SourceQuality "1"]
[TimeControl "5400+30"]

1. d4 d5 2. c4 e6 3. Nf3 Nf6 4. Nc3 Be7 5. cxd5 exd5 6. Bf4 c6 7. h3 O-O 8. e3 Re8 9. Bd3 Nbd7 10. O-O Nf8 11. Bh2 Ng6 12. Ne5 Bd6 {[%emt 0:06:38] White has an edge.} 13. f4 Qe7 14. Qc2 {[%emt 0:10:41] White is more active.} b5 $2 (14... c5 $14) 15. Nxc6 $18 Qxe3+ 16. Kh1 Bb7 17. Rf3 (17. Bxb5 Nh4 18. Na5 Bc8 19. Bxe8 Bf5 20. Bxf7+ Kxf7) 17... Qe6 18. f5 (18. Bxb5 Qc8 19. Na5 Nh4 $16) (18. Nxb5 $6 Nh4 $18) 18... Qd7 19. fxg6 (19. Nxb5 Bxh2 20. fxg6 Bxc6 $11) 19... Bxh2 20. gxf7+ (20. gxh7+ Kh8 $18) (20. Kxh2 Bxc6 21. gxf7+ (21. gxh7+ Kh8 $14) 21... Kxf7 22. Bxh7 Qd6+ 23. Kh1 Re7 $18) 20... Qxf7 21. Bxh7+ ({Not} 21. Bxb5 Bb8 $18) (21. Nxb5 Bxc6 22. Kxh2 (22. Qxc6 Rac8 $14) 22... Qb7 $16) 21... Kh8 22. Kxh2 ({Less strong is} 22. Nxb5 Bxc6 23. Qxc6 Rac8 $14) 22... Bxc6 23. Bg6 Qc7+ 24. Kh1 Re7 (24... Re6 {was worth a try.} 25. Qf2 Nh7) 25. Qf2 b4 26. Ne2 Kg8 27. Nf4 {[%emt 0:00:58] [#] Qh4 is the strong threat.} Qd6 28. Qh4 {[%emt 0:01:58] Prevents Re4. Nh5 would now be deadly.} Be8 29. Raf1 Bb5 30. Rc1 {[%emt 0:00:49] Threatens to win with Nh5.} Rd8 (30... Be8 $142 31. Rg3 Rd8) 31. Bf5 Rde8 32. Ng6 Re2 33. Ne5 {[%emt 0:02:23] Wards off Bd7} Qe7 (33... R2xe5 $142 34. dxe5 Rxe5) 34. Bg6 Rf8 {[%emt 0:00:49] [#]} 35. Bh7+ $1 {[%emt 0:01:04][%mdl 512] Black got outplayed after the opening.   Weighted Error Value: White=0.33/Black=0.83.  Loses game:     	---       	Black=1      Mistake:       	---       	Black=3      Inaccurate:     	White=1     	Black=4      OK:         	White=12    	Black=4      Best:        	White=2     	Black=2} 1-0

[Event "Sheffield Masters 2024"]
[Site "Sheffield"]
[Date "2024.04.10"]
[Round "1"]
[White "Pein, Jonathan"]
[Black "Gourlay, Iain"]
[Result "1/2-1/2"]
[ECO "B15"]
[WhiteElo "2247"]
[BlackElo "2307"]
[Annotator "TA"]
[PlyCount "98"]
[EventDate "2024.04.11"]
[EventType "tourn"]
[EventCountry "ENG"]
[SourceTitle "playchess.com"]
[Source "ChessBase"]
[SourceQuality "1"]
[TimeControl "5400+30"]

1. e4 c6 2. d4 d5 3. Nc3 dxe4 4. Nxe4 Nf6 5. Nxf6+ exf6 6. c3 Bd6 7. Bd3 O-O 8. Qc2 {[%emt 0:00:10] Active counter play!} Re8+ 9. Ne2 h5 10. O-O h4 {[%emt 0:00:21] White is slightly better.} 11. Nf4 Nd7 12. Qd1 Nf8 13. Qh5 f5 14. Nh3 (14. Bxf5 Bxf4 15. Bxf4 g6 16. Bxg6 Nxg6 $19 (16... fxg6 17. Qh6 $17)) 14... Qc7 15. Qxh4 (15. Kh1 {looks sharper.} Bxh2 16. Ng5 Bd6 17. Bc4) 15... Bxh2+ 16. Kh1 {[%emt 0:00:02] f4 is the strong threat.} Bd6 17. Ng5 g6 {[%emt 0:05:55] [#] Prevents g4.} (17... b5 $14) 18. g4 $1 $16 fxg4 19. Kg2 (19. Bc4 $1 $16 {[%cal Oh1g2] Threatens to win with Kg2!} Be6 20. Bxe6 fxe6 (20... Nxe6 $2 21. Qh7+ Kf8 22. Re1 $18) 21. Ne4 (21. Qxg4 e5 $14)) 19... Qd8 (19... Be7 $1 $14) 20. Rh1 (20. Bc4 $1 $16 {[%cal Of1h1] Rh1! would kill now.} Be6 21. Bxe6 Rxe6 22. Rh1) 20... Qf6 $14 21. Bd2 Be6 $1 {[%emt 0:04:58] Inhibits Bc4.} 22. c4 {[%emt 0:03:15] Wards off Bd5+} b5 (22... Qxd4 $2 23. Bc3 $18) (22... Qg7 $11) 23. b3 (23. Nxe6 $1 $14 Qxh4 (23... Qf3+ $2 24. Kg1 $18) 24. Rxh4 Nxe6 25. cxb5 (25. Rxg4 bxc4 26. Bxc4 Kg7 $14)) 23... bxc4 $15 24. bxc4 c5 $40 {[%emt 0:01:46][%mdl 128] White needs to defend precisely.} 25. Qh6 (25. Nxe6 $11 {keeps the balance.} Qxh4 (25... Rxe6 26. Qxf6 Rxf6 27. Bg5 $16) 26. Rxh4 Nxe6 (26... fxe6 27. Rc1 $16) 27. d5 Nf4+ 28. Bxf4 Bxf4 29. Rxg4) 25... cxd4 $17 26. Ne4 (26. Rae1 $17 {might work better.}) 26... Qf3+ $19 27. Kg1 Be5 {[%emt 0:00:17] Against Qh8+} 28. Qg5 $2 (28. Bg5 g3 (28... Qxd3 29. Nf6+ Bxf6 30. Bxf6) 29. fxg3) 28... f5 $2 (28... Qxd3 29. Qxe5 f6 30. Qxf6) (28... Bf5 29. Nf6+ Bxf6 30. Qxf6 $14) (28... Bg7 $19 29. Bf4 Nd7 (29... Qxd3 30. Nf6+ Bxf6 31. Qxf6)) 29. Nf6+ $2 (29. Bf1 $17 {is more resistant.} Qxe4 30. Re1) 29... Kf7 (29... Bxf6 $2 30. Qxf6 $18) 30. Nxe8 Rxe8 $2 (30... Qxd3 $19 {and Black stays clearly on top.} 31. Re1 Rxe8 (31... Kxe8 32. Bb4 $18) (31... Bxc4 $2 32. Nc7 $19) 32. Rxe5 Bxc4) 31. Bf1 $17 g3 32. fxg3 Bxg3 33. Rh8 (33. Rh3 {was the only chance.} Qf2+ (33... f4 34. Rxg3 fxg3 35. Qf4+ Qxf4 36. Bxf4 $17) 34. Kh1) 33... Bd7 $2 (33... f4 $19 34. Bb4 Qe3+ 35. Kh1 Bf5) 34. Bg2 $11 {[%emt 0:00:16] Some like it hot} Qf2+ 35. Kh1 Re2 {[%emt 0:01:08] [#]} ({Black should try} 35... Be5 $1 $11 36. Rf1 Qg3 37. Bd5+ Be6 38. Qxg3 Bxg3) 36. Rxf8+ $1 Kxf8 37. Qf6+ Ke8 $1 38. Qxg6+ Kd8 $1 39. Ba5+ Bc7 $1 40. Qf6+ Ke8 (40... Kc8 $5 41. Qa6+ $8 Kd8 42. Qf6+ Kc8 43. Qa6+ Kd8 44. Qf6+ $11) 41. Qh8+ Ke7 $2 {[%emt 0:00:21][%mdl 8192] [#]} (41... Kf7 $1 $11 {and Black has nothing to worry.} 42. Qh5+ Kf6 43. Qh6+ Kf7 44. Bd5+ Be6 45. Bxe6+ Rxe6 46. Qh7+ Ke8 47. Qg8+ Kd7 48. Qf7+ Re7 49. Qd5+ Bd6 (49... Kc8 50. Qa8+ Kd7 51. Qd5+ Kc8 52. Qa8+ Kd7 53. Qd5+ $11) 50. Qb5+ (50. Qb7+ $2 Ke8 $19) 50... Ke6 (50... Kc8 51. Qc6+ Bc7 52. Qa8+ Bb8 53. Qc6+ Bc7 54. Bxc7 $11) 51. Qd5+ Kd7 52. Qb5+ (52. Qb7+ $2 Ke8 $19) 52... Kc8 53. Qc6+ Bc7 54. Bxc7 Re1+ (54... Rxc7 55. Qe8+ Kb7 56. Rb1+) 55. Rxe1 Qxe1+ 56. Kh2 (56. Kg2 Qe2+ 57. Kh3 Qg4+ 58. Kh2 Qe2+ 59. Kg1 Qe3+ 60. Kh2 Qe2+ 61. Kg3 Qe3+ 62. Kh2 Qe2+ $11) 56... Qe2+ 57. Kg3 (57. Kg1 Qe1+ 58. Kh2 Qe2+ 59. Kg3 Qe3+ 60. Kh2 Qe2+ $11) 57... Qe3+ 58. Kg2 (58. Kh2 Qe2+ 59. Kg1 Qd1+ 60. Kf2 Qd2+ 61. Kf1 Qd1+ 62. Kg2 Qe2+ 63. Kg3 Qe3+ 64. Kh4 Qe7+ 65. Kh5 Qh7+ 66. Kg5 Qxc7 $11) 58... Qe2+ 59. Kh1 (59. Kh3 Qh5+ 60. Kg2 Qe2+ 61. Kh1 Qe1+ 62. Kg2 Qe2+ $11) 59... Qf1+ 60. Kh2 Qe2+ 61. Kg3 (61. Kg1 Qd1+ 62. Kg2 Qe2+ 63. Kg3 Qe3+ 64. Kh4 Qe7+ 65. Kh5 Qxc7 $11) 61... Qe3+ 62. Kh4 (62. Kh2 Qe2+ $11) 62... Qe7+ 63. Kh5 Qh7+ (63... Qxc7 64. Qa8+ Kd7 65. Qd5+ Qd6 66. Qxf5+ Qe6 67. Qb5+ Qc6 68. Qf5+ Kc7 69. Qe5+ Qd6 70. Qa5+ Kb7 71. Qb5+ Kc7 72. Qa5+ Kb8 73. Kg4 $11) 64. Kg5 Qxc7 65. Qa8+ (65. Qxc7+ $2 Kxc7 66. Kf4 Kd6 $19) 65... Kd7 66. Qd5+ Qd6 67. Qxf5+ (67. Qxd6+ Kxd6 68. Kf4 Kc5 69. Kg3 Kxc4 70. a3 d3 71. Kf3 d2 72. Ke2 Kc3 73. Kd1 Kd3 74. a4 f4 75. a5 f3 76. a6 Ke3 77. Kc2 f2 78. Kb3 f1=Q 79. Kb4 d1=Q 80. Kc5 Qd4+ 81. Kc6 Qxa6+ 82. Kc7 Qdd6#) 67... Kd8) 42. Bb4+ $1 $18 Bd6 43. Qg7+ Kd8 {[%emt 0:00:11] [#] ( -> ...Qh4+)} 44. Bxd6 $2 (44. Qg5+ $1 $18 Kc8 (44... Be7 $2 45. Qg8+ $18) 45. Bxd6) 44... Qh4+ $1 $11 {[%emt 0:00:41] The position is equal.} 45. Kg1 {[%emt 0:00:31] aiming for Bg3.} (45. Bh2 $5 Re1+ $8 46. Rxe1 Qxe1+ 47. Bg1 Qh4+ 48. Bh2 Qe1+ 49. Bg1 Qh4+ 50. Bh2 Qe1+ $11) 45... Qf2+ 46. Kh1 (46. Kh2 $5 Qh4+ $8 47. Kg1 Qf2+ 48. Kh1 Qh4+ 49. Kg1 $11 (49. Bh2 Re1+ 50. Rxe1 Qxe1+ 51. Bg1 Qh4+ 52. Bh2 Qe1+ 53. Bg1 Qh4+ 54. Bh2 Qe1+ $11)) 46... Qh4+ 47. Bh2 (47. Kg1 $5 Qf2+ $8 48. Kh1 $11) 47... Re1+ $1 48. Rxe1 Qxe1+ 49. Bg1 Qh4+ {[%emt 0:00:06] Quite a comeback for White.   Weighted Error Value: White=0.45/Black=0.48.  Loses game:     	White=1     	Black=1      Missed win:     	White=1     	Black=3      Mistake:       	White=8     	Black=4      Inaccurate:     	White=3     	Black=1      OK:         	White=13    	Black=13     Best:        	White=6     	Black=6      Strong:       	White=1     	Black=6} 1/2-1/2

[Event "Sheffield Masters 2024"]
[Site "Sheffield"]
[Date "2024.04.10"]
[Round "1"]
[White "Wall, Tim P"]
[Black "Ledger, Andrew J"]
[Result "0-1"]
[ECO "B12"]
[WhiteElo "2197"]
[BlackElo "2336"]
[Annotator "TA"]
[PlyCount "64"]
[EventDate "2024.04.11"]
[EventType "tourn"]
[EventCountry "ENG"]
[SourceTitle "playchess.com"]
[Source "ChessBase"]
[SourceQuality "1"]
[TimeControl "5400+30"]

1. e4 c6 2. d4 d5 3. e5 Bf5 4. h4 a6 5. h5 c5 6. dxc5 Nc6 7. Bd3 $1 Bxd3 8. cxd3 {[%emt 0:01:17] White has an edge.} Nxe5 9. d4 Nc6 10. Nf3 e6 11. Nc3 b6 12. cxb6 ({White should try} 12. b4 $16) 12... Qxb6 $11 13. O-O Bd6 {[%emt 0:07:43] Wards off Bf4} 14. h6 gxh6 15. Re1 Nge7 16. Bxh6 {[%emt 0:05:41] Hoping for Ng5.} Rg8 17. Rc1 Rg6 18. Qd2 Rg4 19. Be3 Kf8 {[%emt 0:09:20] [#]} 20. Ne5 $1 Bxe5 21. dxe5 Qb7 22. Qe2 ({White should play} 22. Bg5 $14) 22... Rg6 23. Qh5 Kg8 {[%emt 0:01:59][%cal Od5d4] And now ...d4! would win.} 24. Bg5 (24. Ne2 $5) 24... Nf5 (24... Qxb2 $5 25. Bf6 Qb4 $11) 25. Na4 (25. Bf6 $11) 25... Ng7 26. Qh4 Nf5 27. Qf4 (27. Qh5 $11) 27... h6 $1 $36 {[%emt 0:00:28][%mdl 2048] Black is on the roll.} 28. Bf6 Kh7 $1 29. Nc5 {[%emt 0:02:11] [#]} Qb6 (29... Qb5 $1 $17 {[%cal Oa8g8] Threatens to win with ...Rag8!} 30. a4 Qb6) 30. g3 $2 ({Better is} 30. Kh1 $1 $15) 30... Rag8 {[%emt 0:00:43][%cal Rf5g3] ...Nxg3! is the strong threat.} 31. Kh2 {[%emt 0:00:29] [#]} (31. Bh4 {was necessary.} Rg4 (31... Qxb2 $2 32. Nd7 $19) 32. Nd7 Rxf4 33. Nxb6) 31... Ncd4 $1 $19 {[%emt 0:02:02][%cal Og6g4] aiming for ...Rg4!} 32. Na4 Qa5 {[%emt 0:01:26] Weighted Error Value: White=0.47/Black=0.14 (very precise) .  Loses game:     	White=1     	---        Mistake:       	White=5     	Black=1      Inaccurate:     	White=4     	Black=7      OK:         	White=6     	Black=8      Best:        	White=1     	---        Strong:       	White=1     	Black=3} 0-1

[Event "Sheffield Masters 2024"]
[Site "Sheffield"]
[Date "2024.04.11"]
[Round "2.2"]
[White "Gourlay, Iain"]
[Black "O`Gorman, Tom"]
[Result "1/2-1/2"]
[ECO "E04"]
[WhiteElo "2307"]
[BlackElo "2321"]
[Annotator "TA"]
[PlyCount "61"]
[EventDate "2024.04.11"]
[EventType "tourn"]
[EventCountry "ENG"]
[SourceTitle "playchess.com"]
[Source "ChessBase"]
[SourceQuality "1"]
[TimeControl "5400+30"]

1. Nf3 d5 2. g3 Nf6 3. Bg2 c5 4. O-O Nc6 5. d4 e6 6. c4 dxc4 7. dxc5 Qxd1 8. Rxd1 Bxc5 9. Nbd2 c3 10. bxc3 Bd7 11. Nb3 Be7 12. Nfd4 Nxd4 13. cxd4 Nd5 $1 14. Bd2 O-O 15. e4 Nf6 16. d5 exd5 17. exd5 Ba3 18. Na5 Bf5 19. Nc4 {[%emt 0:07:26] Repels Bb2} Bc5 20. Be3 Bxe3 21. Nxe3 Bd7 22. d6 $36 {[%emt 0:01:23][%cal Oe3d5][%mdl 2048] White fights for an advantage.} Rab8 23. Rac1 Be6 24. Rc7 Rfd8 25. Bxb7 a5 (25... Ne8 $6 26. Bd5 $16 (26. Re7 Bxa2 27. Bd5 Bxd5 $11)) (25... Bxa2 $11 {remains equal.} 26. Bc6 a5) 26. Bf3 {[%emt 0:07:30] White is much more active.} (26. a4 $16) 26... Bxa2 $14 27. Nf5 {[%emt 0:00:18] Ne7+ would now be deadly.} Rb1 $2 {[%emt 0:00:37] [#]} (27... Kf8 $11 {and Black is okay.}) 28. Rxb1 $2 (28. d7 $1 $18 {Intending Rc8 and mate.} Rxd1+ (28... Rxd7 29. Rc8+) (28... Nxd7 $2 {loses.} 29. Rxb1 Bxb1 30. Ne7+ Kf8 31. Nc6 $18) 29. Bxd1 Nxd7 (29... Rxd7 30. Rc8+) 30. Ne7+ Kf8 31. Nc6) 28... Bxb1 $11 {[%emt 0:00:05] The position is equal.} 29. Ne7+ Kf8 30. Nc6 Rxd6 31. Nxa5 {[%emt 0:01:23] Weighted Error Value: White=0.20 (precise) /Black=0.21 (precise) .  Loses game:     	---       	Black=1      Missed win:     	White=1     	---        Mistake:       	White=1     	Black=1      Inaccurate:     	White=1     	---        OK:         	White=8     	Black=8      Best:        	---       	Black=2      Strong:       	---       	Black=1} 1/2-1/2

[Event "Sheffield Masters 2024"]
[Site "Sheffield"]
[Date "2024.04.11"]
[Round "2.3"]
[White "Ledger, Andrew J"]
[Black "Pein, Jonathan"]
[Result "0-1"]
[ECO "D35"]
[WhiteElo "2336"]
[BlackElo "2247"]
[Annotator "TA"]
[PlyCount "66"]
[EventDate "2024.04.11"]
[EventType "tourn"]
[EventCountry "ENG"]
[SourceTitle "playchess.com"]
[Source "ChessBase"]
[SourceQuality "1"]
[TimeControl "5400+30"]

1. d4 Nf6 2. c4 e6 3. Nc3 d5 4. cxd5 exd5 5. Bg5 Be7 6. e3 c6 7. Bd3 Nbd7 8. Nf3 Nh5 9. Bxe7 Qxe7 10. O-O O-O 11. Qc2 g6 12. Rab1 Nb6 13. b4 a6 14. Rfe1 Ng7 15. e4 {[%emt 0:10:18] The position is equal.} dxe4 16. Nxe4 Nd5 17. Qd2 Nf5 18. Nc3 Qd6 19. Nxd5 Qxd5 20. Re5 Qd6 21. Qf4 {[%emt 0:05:04][%cal Re5f5] Black must now prevent Rxf5.} Ng7 22. Qh6 {[%emt 0:03:49] Black is weak on the dark squares} f6 {[%emt 0:06:34][%cal Og7f5] Inhibits Ng5.} 23. Bc4+ (23. Rbe1 $5 Nf5 (23... fxe5 $2 24. Ng5 $18) 24. Bxf5 fxe5 25. Bc2 $16) 23... Be6 {[%emt 0:10:59] [#]} 24. Rxe6 Nxe6 25. Re1 Rae8 (25... Rfe8 $1 $14) 26. Qh3 (26. h4 $1 $16) 26... Qxb4 ({Don't go for} 26... f5 $2 27. Ng5 h5 28. Qc3 $18 (28. Bxe6+ Kg7 $18) (28. Rxe6 Rxe6 29. Bxe6+ Kh8 $18) (28. Nxe6 Qxb4 29. Nc7+ Kh7 $18)) 27. Bb3 {[%emt 0:02:30] [#]} (27. Rxe6 $2 {loses.} Qxc4 28. Rxe8 Rxe8 $19) (27. Bxe6+ $11 {and White has nothing to worry.} Kg7 28. Rd1) 27... f5 $2 28. Rxe6 (28. Bxe6+ $16 Kh8 29. a3 Qxa3 30. Qh6) 28... Rxe6 $11 29. Bxe6+ Kg7 30. Bb3 (30. g3 $1 $11) 30... Qc3 $40 {[%emt 0:01:17][%mdl 1152] Black has strong compensation. Black has strong attack.} 31. Kh1 (31. Bd1 $2 Qc1 32. g3 Qxd1+ $19) 31... Qa1+ 32. Ng1 {[%emt 0:00:00] [#]} Re8 {[%emt 0:00:34][%cal Oa1g1] Dodges Qe3. ( -> ...Qxg1+!)} 33. Qg3 $2 {[%emt 0:00:00] [#]} (33. g4 $19 Re1 (33... Qxd4 34. gxf5 Qe4+ 35. Nf3 $17) 34. Qg2) 33... Qxg1+ $3 {[%emt 0:00:23][%mdl 512] Weighted Error Value: White=0.59/Black=0.28 (precise) .  Loses game:     	White=1     	---        Missed win:     	---       	Black=1      Mistake:       	White=4     	Black=1      Inaccurate:     	White=3     	Black=3      OK:         	White=4     	Black=6      Best:        	White=2     	Black=2      Brilliant:      	White=1     	Black=1} 0-1

[Event "Sheffield Masters 2024"]
[Site "Sheffield"]
[Date "2024.04.11"]
[Round "2.4"]
[White "Pal, Rohan"]
[Black "Wall, Tim P"]
[Result "1-0"]
[ECO "B31"]
[WhiteElo "2142"]
[BlackElo "2197"]
[Annotator "TA"]
[PlyCount "69"]
[EventDate "2024.04.11"]
[EventType "tourn"]
[EventCountry "ENG"]
[SourceTitle "playchess.com"]
[Source "ChessBase"]
[SourceQuality "1"]
[TimeControl "5400+30"]

1. e4 c5 2. Be2 d5 3. d3 e5 4. Bg4 Bxg4 5. Qxg4 Nf6 6. Qe2 Nc6 7. Nf3 d4 8. Nbd2 {[%emt 0:13:29] The position is equal.} Bd6 9. O-O Nd7 10. c3 Nf8 11. Nc4 Bc7 12. a4 Ne6 13. Bd2 a6 14. cxd4 cxd4 15. b4 {[%emt 0:02:06] Black should prevent b5.} b5 16. axb5 axb5 17. Na5 Nxa5 18. bxa5 O-O 19. Bb4 Nf4 (19... Re8 $11) 20. Qd2 $14 Re8 21. Kh1 (21. g3 $5 Qd7 22. Rfc1 $14) 21... Ra6 22. g3 Ne6 23. Rfc1 Qa8 (23... f6 $14) 24. Ng5 $16 {[%emt 0:02:21] White is more active.} Bd8 ({Better is} 24... Nxg5 25. Rxc7 h6) 25. Nxe6 Rexe6 26. Rc5 {[%emt 0:17:05][%cal Oa1c1] And now Rac1! would win.} Qb7 (26... h6 $16 27. Rxb5 Rab6) 27. Rac1 $18 Re8 28. Qa2 Qd7 29. Kg2 {[%emt 0:00:00] Repels Qh3+} h5 30. h4 (30. Rc8 $142) 30... Qg4 $2 {[%emt 0:03:45] [#]} (30... Bxa5 31. Bxa5 Rea8 32. Rxe5 Rxa5) 31. f3 $2 (31. Rxb5 Bxh4 32. Rb6 Ra7 $18) (31. Rc8) 31... Qd7 $2 (31... Qg6 {is a better defense.}) 32. Rd5 (32. Rc8 $142 {Qd5 is the strong threat.} Bxa5 33. Rxe8+ Qxe8 34. Bxa5) 32... Qe6 33. Qd2 {[%emt 0:00:17] Repels g5} Qg6 $2 (33... Bf6 $16 34. Rxb5 Rc8 35. Rxc8+ Qxc8) 34. Rc8 ({Stronger than} 34. Rxb5 Bxh4 35. Qf2 Bg5 $15) 34... Qf6 35. Qg5 {[%emt 0:00:33] Weighted Error Value: White=0.39/Black=0.47.  Loses game:     	---       	Black=1      Mistake:       	White=3     	Black=6      Inaccurate:     	White=2     	Black=2      OK:         	White=13    	Black=8      Best:        	White=2     	Black=1} 1-0